 Dungeon Crawl Stone Soup version 0.30-a0-534-gdc55766716 (webtiles) character file.

Game seed: 12934024039374650903

22969 Newt the Spear-Bearer (level 12, 0/90 HPs)
             Began as a Demonspawn Gladiator on Dec 24, 2022.
             Was an Elder of Qazlal.
             Slain by a cane toad (17 damage)
             ... on level 2 of the Lair of Beasts.
             The game lasted 00:21:01 (17091 turns).

Newt the Spear-Bearer (Demonspawn Gladiator)       Turns: 17091, Time: 00:21:02

Health: 0/90       AC: 14    Str: 19    XL:     12   Next: 67%
Magic:  4/4        EV: 12    Int: 11    God:    Qazlal [****..]
Gold:   967        SH: 20    Dex: 14    Spells: 11/11 levels left

rFire   + . .      SeeInvis .    x - +4 demon trident (antimagic)
rCold   . . .      Faith    .    i - +4 kite shield
rNeg    . . .      Spirit   .    F - +3 ring mail {rF+}
rPois   .          Reflect  .    (helmet unavailable)
rElec   .          Harm     .    (no cloak)
rCorr   +          Rampage  .    s - +2 pair of gloves
Will    .....                    (no boots)
Stlth   +                        r - amulet of magic regeneration
HPRegen 0.35/turn                f - ring of flight
MPRegen 0.49/turn                q - ring of resist corrosion

@: about to teleport, flying, repel missiles
A: horns 3, rugged brown scales 1, foul stench 2, demonic magic 2
a: Renounce Religion, Upheaval, Elemental Force


You were on level 2 of the Lair of Beasts.
You worshipped Qazlal.
Qazlal was greatly pleased with you.
You visited 2 branches of the dungeon, and saw 13 of its levels.
You also visited: Volcano.

You collected 1128 gold pieces.
You spent 161 gold pieces at shops.

Inventory:

Hand Weapons
 a - a +0 rapier
 e - a +2 dagger of venom
 k - a +2 short sword of venom
 w - the +3 dagger "Neevuf" {speed, rC+++ Int-3 Stlth+}
   (You found it on level 4 of the Dungeon)

   Attacks with this weapon are significantly faster.
   Int:       It affects your intelligence (-3).
   rC:        It renders you almost immune to cold.
   Stlth:     It makes you more stealthy.
 x - a +4 antimagic demon trident (weapon)
Missiles
 g - 26 poisoned darts (quivered)
 h - 6 boomerangs
 u - 10 javelins
 P - 2 curare-tipped darts
Armour
 b - a +0 leather armour
 c - a +0 helmet
 d - a +0 troll leather armour
 i - a +4 kite shield (worn)
 o - a +0 scale mail
 s - a +2 pair of gloves (worn)
 F - a +3 ring mail of fire resistance (worn)
 L - the +5 robe of Misfortune {Harm *Corrode *Slow EV+5}
   (You found it on level 9 of the Dungeon)

   EV:        It affects your evasion (+5).
   *Corrode:  It may corrode you when you take damage.
   *Slow:     It may slow you when you take damage.
   Harm:      It increases damage dealt and taken.
Jewellery
 f - a ring of flight (left hand)
 q - a ring of resist corrosion (right hand)
 r - an amulet of magic regeneration (around neck)
Wands
 p - a wand of iceblast (5)
 y - a wand of charming (11)
 H - a wand of mindburst (4)
 K - a wand of flame (11)
 O - a wand of acid (4)
Scrolls
 j - 3 scrolls of poison
 t - 2 scrolls of teleportation
 A - 4 scrolls of fog
 C - a scroll of magic mapping
 J - 2 scrolls of amnesia
 Q - a scroll of identify
Potions
 l - a potion of lignification
 m - 2 potions of brilliance
 n - 2 potions of haste
 z - a potion of attraction
 B - 4 potions of degeneration
 D - a potion of magic
 G - 3 potions of curing
 I - 4 potions of flight
 M - a potion of resistance
 N - a potion of experience {unknown}


   Skills:
 - Level 6.0 Fighting
 - Level 5.0 Short Blades
 - Level 12.0 Polearms
 - Level 1.7 Throwing
 - Level 7.4 Armour
 - Level 6.0 Dodging
 - Level 3.0 Stealth
 - Level 8.0 Shields
 + Level 7.6 Evocations


You had 11 spell levels left.
You didn't know any spells.
Your spell library contained the following spells:

 Spells                   Type           Power      Damage    Failure   Level
 Foxfire                  Conj/Fire      0%         2x1d4     80%         1
 Magic Dart               Conj           0%         1d3       80%         1
 Summon Small Mammal      Summ           0%         N/A       80%         1
 Call Imp                 Summ           0%         N/A       91%         2
 Cigotuvi's Dreadful Rot  Necr/Pois/Air  0%         N/A       91%         2
 Poisonous Vapours        Pois/Air       0%         N/A       91%         2
 Call Canine Familiar     Summ           0%         N/A       99%         3
 Dazzling Flash           Conj/Hex       0%         N/A       99%         3
 Kindle Blastsparks       Fire/Tloc/Air  0%         2d10      99%         3
 Mephitic Cloud           Conj/Pois/Air  0%         N/A       99%         3
 Ozocubu's Armour         Ice            0%         N/A       99%         3
 Summon Guardian Golem    Hex/Summ       0%         N/A       99%         3
 Fulminant Prism          Conj/Hex       0%         3d5       100%        4
 Iskenderun's Mystic Bla  Conj/Tloc      0%         2d3       100%        4
 Olgreb's Toxic Radiance  Pois           0%         N/A       100%        4
 Fireball                 Conj/Fire      0%         3d3       100%        5
 Lee's Rapid Deconstruct  Erth           0%         3d4*      100%        5
 Metabolic Englaciation   Hex/Ice        0%         N/A       100%        5
 Simulacrum               Ice/Necr       0%         N/A       100%        6
 Starburst                Conj/Fire      0%         6d3       100%        6
 Orb of Destruction       Conj           0%         9d5       100%        7
 Ozocubu's Refrigeration  Ice            0%         4d7       100%        7
 Ignition                 Fire           0%         3d3       100%        8


Dungeon Overview and Level Annotations

Branches:
Dungeon (11/15)            Temple (0/1) D:5            Lair (2/5) D:11
    Orc (0/2) D:11        Volcano (visited)
  Swamp: Lair:2-3    Shoals: Lair:2-3     Snake: Lair:2-3    Spider: Lair:2-3

Altars:
Ashenzari
Nemelex Xobeh
Qazlal
Sif Muna
Uskayaw
Wu Jian

Shops:
D:8 ?


Innate Abilities, Weirdness & Mutations

You have a pair of large horns on your head.
You are partially covered in rugged brown scales. (AC +1, +3% HP)
You sometimes emit foul miasma when damaged in melee.
Spells you cast may paralyse nearby enemies.


Message History

A yak comes into view.
A yak comes into view.
The yak bellows!
The yak is engulfed in freezing vapours.
The yak barely misses you.
Something gores the fungus.
You hear a bellow!
The yak is engulfed in freezing vapours.
A yak comes into view.
The yak bellows!
The yak moves out of view.
The yak attacks as you move away! The yak gores you but does no damage.
There is a stone staircase leading down here.
The yak barely misses you.
You fly downwards.
The yak bellows!
You hear a bellow!
You hear a loud, deep croak!
You hear a croak.
Found a scroll of fog.
There is a stone staircase leading up here.
You barely miss the yak.
The yak is almost dead.
You hear a bellow!
The yak gores you but does no damage.
You completely miss the yak.
The yak is almost dead.
A cane toad comes into view.
You closely miss the yak. Your headbutt misses the yak.
The yak is almost dead.
The yak gores you.
* * * LOW HITPOINT WARNING * * *
You emit a cloud of foul miasma!
You puncture the yak!
You kill the yak!
Qazlal accepts your kill.
You hear a croak.
You hear a bellow!
A yak comes into view. x2; A cane toad comes into view.
The cane toad is engulfed in freezing vapours. x2
As you read the scroll of teleportation, it crumbles to dust.
You feel strangely unstable. You block the cane toad's attack.
The cane toad stings you!
You die...

#......#
#......#
#.....##
#.....#
#.....### .
#...Y.#.#####.#
#...YY○........
#...○§FF.......
#....§.@.......
#......§.§.....
###.#.####.###P
##### #


You could see 3 yaks and 2 cane toads.

Vanquished Creatures
  An ogre mage (D:10)
  A centaur warrior (D:10)
  4 two-headed ogres
  A boulder beetle (D:11)
  2 death yaks (Lair:1)
  A tengu warrior (D:10)
  A hell knight (Volcano)
  A deep elf pyromancer (D:10)
  A manticore (D:10)
  4 ugly things
  A cyclops (D:11)
  2 molten gargoyles (Volcano)
  2 gargoyles
  A smoke demon (Volcano)
  Joseph (D:10)
  A kobold demonologist (D:10)
  A komodo dragon (Lair:1)
  A freezing wraith (D:9)
  2 red devils (Volcano)
  4 trolls
  A hornet (D:9)
  3 blink frogs (Lair:1)
  A vampire (D:11)
  A wyvern (D:11)
  6 yaks
  2 shadows (D:10)
  2 fire bats (Volcano)
  4 wraiths
  2 steam dragons
  4 basilisks
  3 vampire mosquitoes (D:11)
  An acid dragon (D:11)
  The ghost of Taurus the Conjurer, an amateur OpCj (D:3)
  4 water moccasins
  2 ice beasts
  4 sky beasts
  2 orc warriors
  4 black bears
  2 ogres (D:6)
  9 centaurs
  2 phantoms
  4 kobold brigands
  8 bullfrogs
  A necrophage (D:6)
  4 scorpions
  A gnoll sergeant (D:11)
  6 wights (D:9)
  4 killer bees
  2 howler monkeys
  6 lava snakes (Volcano)
  8 orc priests
  A hound (D:6)
  A bullfrog skeleton (D:3)
  10 orc wizards
  A howler monkey skeleton (D:3)
  15 gnolls
  10 adders
  A shadow imp (D:5)
  A white imp (D:8)
  2 ufetubi
  2 worms
  A dart slug (D:2)
  47 orcs
  7 endoplasms
  4 giant cockroaches
  5 goblins
  9 hobgoblins
  4 jackals
  7 quokkas
  11 ball pythons
  6 bats
  4 frilled lizards
  25 kobolds
  5 rats
316 creatures vanquished.

Vanquished Creatures (others)
  A red devil (Volcano)
  A gnoll bouda (D:7)
  42 fungi
  51 plants (D:11)
95 creatures vanquished.

Grand Total: 411 creatures vanquished

Notes
Turn   | Place    | Note
-------+----------+-------------------------------------------
     0 | D:1      | Newt the Demonspawn Gladiator began the quest for the Orb.
     0 | D:1      | Reached XP level 1. HP: 16/16 MP: 1/1
    72 | D:1      | Reached skill level 1 in Stealth
   188 | D:1      | Gained mutation: You are partially covered in rugged brown
                  | scales. (AC +1, +3% HP) [demonic ancestry]
   188 | D:1      | Reached XP level 2. HP: 12/22 MP: 2/2
   539 | D:2      | Reached XP level 3. HP: 27/27 MP: 3/3
  1840 | D:3      | Found a runed translucent gate.
  1840 | D:3      | Found a runed translucent gate.
  1840 | D:3      | Found a runed translucent gate.
  1841 | D:3      | Noticed Taurus's ghost (amateur OpCj)
  1982 | D:3      | Gained mutation: Spells you cast may paralyse adjacent
                  | enemies. [demonic ancestry]
  1982 | D:3      | Reached XP level 4. HP: 26/33 MP: 4/4
  2545 | D:3      | Gained mutation: You have a pair of small horns on your
                  | head. [demonic ancestry]
  2545 | D:3      | Reached XP level 5. HP: 39/39 MP: 5/5
  2746 | D:3      | Found a shimmering blue altar of Sif Muna.
  3490 | D:4      | Found an ornate altar of the Wu Jian Council.
  3811 | D:4      | Reached skill level 5 in Short Blades
  4053 | D:4      | Found a stormy altar of Qazlal.
  4172 | D:4      | Gained mutation: You may rarely emit foul miasma when
                  | damaged in melee. [demonic ancestry]
  4172 | D:4      | Reached XP level 6. HP: 48/48 MP: 6/6
  4214 | D:4      | Identified the +3 dagger "Neevuf" {speed, rC+++ Int-3
                  | Stlth+}
  4222 | D:4      | Became a worshipper of Qazlal Stormbringer
  4317 | D:5      | Entered Level 5 of the Dungeon
  4593 | D:5      | Found a staircase to the Ecumenical Temple.
  4826 | D:5      | Noticed an ice beast
  4871 | D:5      | Killed an ice beast
  5002 | D:5      | Found a broken altar of Ashenzari.
  5353 | D:6      | Gained mutation: You sometimes emit foul miasma when
                  | damaged in melee. [demonic ancestry]
  5353 | D:6      | Reached XP level 7. HP: 47/55 MP: 7/7
  5491 | D:6      | Reached skill level 1 in Armour
  5990 | D:6      | Gained mutation: Spells you cast may paralyse nearby
                  | enemies. [demonic ancestry]
  5990 | D:6      | Reached XP level 8. HP: 29/61 MP: 8/8
  6275 | D:6      | Reached skill level 5 in Fighting
  6458 | D:6      | Noticed a two-headed ogre
  6501 | D:6      | Killed a two-headed ogre
  6516 | D:6      | Gained mutation: You have a pair of horns on your head.
                  | [demonic ancestry]
  6516 | D:6      | Reached XP level 9. HP: 49/71 MP: 9/9
  6610 | D:6      | Reached * piety under Qazlal
  6644 | D:6      | Noticed a troll
  6681 | D:6      | Killed a troll
  7399 | D:3      | Killed Taurus's ghost
  7868 | D:7      | Reached skill level 5 in Armour
  8257 | D:7      | Reached ** piety under Qazlal
  8922 | D:7      | Found a sparkling altar of Nemelex Xobeh.
  9021 | D:8      | Gained mutation: You have a pair of large horns on your
                  | head. [demonic ancestry]
  9021 | D:8      | Reached XP level 10. HP: 66/78 MP: 10/10
  9054 | D:8      | Found Ammuerir's Magic Scroll Boutique.
  9070 | D:8      | Bought a scroll of identify for 28 gold pieces
  9070 | D:8      | Bought a scroll of identify for 28 gold pieces
  9070 | D:8      | Bought a scroll of enchant weapon for 105 gold pieces
  9072 | D:8      | Identified a scroll of acquirement
  9088 | D:8      | Acquired a +2 antimagic demon trident
  9279 | D:8      | Reached skill level 1 in Polearms
  9571 | D:8      | Got Xirosm's Atlas of Concussion
  9602 | D:8      | Reached skill level 2 in Polearms
  9736 | D:8      | Found a hide-covered altar of Uskayaw.
  9912 | D:9      | Paralysed by a hornet for 1 turns
  9916 | D:9      | Reached skill level 3 in Polearms
 10049 | D:9      | Reached skill level 4 in Polearms
 10075 | D:9      | Found the +5 robe of Misfortune {Harm *Corrode *Slow EV+5}
 10318 | D:9      | Reached skill level 5 in Polearms
 10814 | D:9      | Reached skill level 6 in Polearms
 10869 | D:9      | Noticed a two-headed ogre
 10873 | D:9      | Killed a two-headed ogre
 10874 | D:9      | Reached skill level 7 in Polearms
 10978 | D:10     | Entered Level 10 of the Dungeon
 11157 | D:10     | Reached *** piety under Qazlal
 11165 | D:10     | Noticed a white ugly thing
 11168 | D:10     | Noticed a white ugly thing
 11173 | D:10     | Killed a white ugly thing
 11173 | D:10     | Noticed a deep elf pyromancer
 11174 | D:10     | Reached skill level 8 in Polearms
 11178 | D:10     | Noticed Joseph
 11500 | D:10     | Killed Joseph
 11501 | D:10     | Reached XP level 11. HP: 80/83 MP: 3/11
 11692 | D:10     | Noticed a cyan ugly thing
 11696 | D:10     | Killed a cyan ugly thing
 11702 | D:10     | HP: 2/83 [deep elf pyromancer/bolt of fire (26)]
 11707 | D:10     | Killed a deep elf pyromancer
 11708 | D:10     | Reached skill level 5 in Dodging
 12348 | D:10     | Noticed a tengu warrior
 12358 | D:10     | Killed a tengu warrior
 12607 | D:10     | Killed a cyan ugly thing
 12711 | D:10     | Noticed a centaur warrior
 13120 | D:10     | Noticed a two-headed ogre
 13125 | D:10     | Killed a two-headed ogre
 13126 | D:10     | Reached skill level 9 in Polearms
 13425 | D:10     | Noticed an ogre mage
 13798 | D:10     | Killed a centaur warrior
 13982 | D:10     | Killed an ogre mage
 13983 | D:10     | Reached skill level 10 in Polearms
 14458 | D:11     | Found a staircase to the Lair.
 14784 | D:11     | Reached skill level 11 in Polearms
 14889 | D:11     | Reached XP level 12. HP: 87/90 MP: 4/12
 15166 | D:11     | Found a staircase to the Orcish Mines.
 15166 | D:11     | Noticed a boulder beetle
 15205 | D:11     | Killed a boulder beetle
 15267 | D:11     | Noticed a two-headed ogre
 15272 | D:11     | Killed a two-headed ogre
 15567 | D:11     | Reached **** piety under Qazlal
 16020 | Lair:1   | Entered Level 1 of the Lair of Beasts
 16029 | Lair:1   | Found a dark tunnel.
 16040 | Lair:1   | Reached skill level 12 in Polearms
 16042 | Volcano  | Entered a volcano
 16110 | Volcano  | Reached skill level 1 in Evocations
 16366 | Volcano  | Found a radiant altar of Vehumet.
 16753 | Volcano  | Reached skill level 5 in Evocations
 17006 | Lair:1   | Noticed a death yak
 17010 | Lair:1   | Noticed a death yak
 17010 | Lair:1   | Noticed a death yak
 17035 | Lair:1   | Killed a death yak
 17051 | Lair:1   | Killed a death yak
 17091 | Lair:2   | Slain by a cane toad

Illustrated notes

Levels and vault maps discovered:
D:1:      lemuel_arrival_hallway, layout_basic, minmay_misc_feat_pillars
D:2:      wad_river_or_something, layout_loops_corners
D:3:      layout_basic, nicolae_sif_muna_little_library,
          gammafunk_ghost_necromancy, corner_web_ring, minmay_snake_closets
D:4:      layout_basic, lemuel_tele_altar, mainiacjoe_overflow_surrounded_room
D:5:      layout_loops_ring, nicolae_overflow_hidden_temple,
          minmay_temple_entry_fiery, eino_small_chamber_without_monster
D:6:      minmay_chambers_of_fours, layout_cave_pools, grunt_ministairs_15,
          hangedman_decor_slide_cut, minivault_10, minmay_misc_feat_encased
D:7:      layout_basic, mainiacjoe_overflow_alcove_4, fountainhead
D:8:      layout_loops_corners, nicolae_uskayaw_dance_studio, serial_shops,
          nicolae_shop_window_shopping
D:9:      layout_basic, minmay_crystal_room, kennysheep_big_empty_room
D:10:     hangedman_cross_veins, layout_gridville, columned_hall_lemuel,
          uniq_joseph
D:11:     layout_stronghold, due_lair_maze_entry_diamond, hiddenorc1_lemuel,
          grunt_decor_junction
Lair:1:   layout_chaotic_city, basic_altar, nicolae_volcano_entry_hallway,
          grunt_megastairs_4
Lair:2:   layout_big_grid, minivault_27

Skill      XL: |  1  2  3  4  5  6  7  8  9 10 11 12 |
---------------+-------------------------------------+-----
Stealth        | 1 2 3 |  3.0
Short Blades   | 3 4 5 |  5.0
Fighting       | 3 4 6 |  6.0
Shields        | 3 4 6 8 |  8.0
Armour         | 3 4 7 |  7.4
Polearms       | 8 11 12 | 12.0
Dodging        | 3 6 |  6.0
Evocations     | 7 |  7.6
Throwing       | |  1.7

Action                   |  1- 3 |  4- 6 |  7- 9 | 10-12 || total
-------------------------+-------+-------+-------+-------++-------
Melee: Rapier            |   162 |   172 |       |       ||   334
       Headbutt          |       |    36 |    94 |   109 ||   239
       Dagger            |       |    95 |   442 |       ||   537
       Demon trident     |       |       |       |   596 ||   596
Throw: Throwing net      |       |     3 |     4 |     3 ||    10
       Javelin           |       |     1 |       |       ||     1
       Dart              |       |       |     3 |     2 ||     5
Evoke: Wand              |       |       |       |     3 ||     3
  Use: Scroll            |     4 |     2 |     8 |    18 ||    32
       Potion            |     2 |     3 |     4 |     9 ||    18
 Stab: Sleeping          |     6 |       |     1 |       ||     7
       Held in net/web   |       |     1 |     1 |     3 ||     5
Armor: Leather armour    |    47 |       |       |       ||    47
       Scale mail        |     6 |    77 |    83 |       ||   166
       Troll leather arm |       |       |    37 |    18 ||    55
       Skin              |       |       |     5 |     1 ||     6
       Robe              |       |       |       |    45 ||    45
       Ring mail         |       |       |       |     9 ||     9
Dodge: Dodged            |    91 |   108 |   105 |   156 ||   460
       Repelled          |       |       |       |     2 ||     2
Block: Kite shield       |    28 |   115 |   266 |   438 ||   847

Table legend: (Time is in decaauts)
 A = Elapsed time spent in this place.
 B = Non-inter-level travel time spent in this place.
 C = Inter-level travel time spent in this place.
 D = Time resting spent in this place.
 E = Time spent auto-exploring this place.
 F = Levels seen in this place.
 G = Mean time per level.
                   A        B        C        D        E       F      G
               +--------+--------+--------+--------+--------+-----+--------+
         Total |  16977 |  16179 |    798 |   4221 |   9197 |  14 | 1212.6 |
       Dungeon |  15948 |  15150 |    798 |   3915 |   8823 |  11 | 1449.8 |
          Lair |    207 |    207 |      0 |      0 |     51 |   2 |  103.5 |
       Volcano |    821 |    821 |      0 |    306 |    323 |   1 |  821.0 |
               +--------+--------+--------+--------+--------+-----+--------+

Top non-repeatable levels by time:
     D:9: 2431 daAuts
     D:6: 2428 daAuts
    D:11: 1913 daAuts
    D:10: 1771 daAuts
     D:2: 1355 daAuts
     D:3: 1339 daAuts
     D:4: 1271 daAuts
     D:5: 1094 daAuts
     D:8: 954 daAuts
     D:7: 883 daAuts
 Volcano: 821 daAuts
     D:1: 504 daAuts
  Lair:1: 183 daAuts
  Lair:2: 24 daAuts
